AoeStats
← chenya_ko

Arabia

506359946Analyzed
1v1 RM · 20d ago on Sep 13, 2026· 30m 55s· 2 players
Game mode
Random Map
Map size
Tiny (2 player)
Population
200
Speed
Normal
Resources
Standard
Victory
Conquest
Starting age
Dark Age
Ending age
Imperial Age
RankedLock teamsTeams togetherTeam positionsShared explorationLock speedFull tech treeHidden civsTurbo modeCheats
Victory
Defeat
1094
+16
🇹🇼 Japanese · Taiwan
1094
-16
chenya_ko
1:53 Loom
10:27 Feudal Age
10:30 Man-at-Arms
13:31 Fletching
15:34 Padded Archer Armor
20:01 Wheelbarrow
20:50 Double-Bit Axe
25:44 Castle Age
23:48 Gold Mining
23:52 Horse Collar
24:49 Scale Barding Armor
25:12 Bloodlines
25:49 Forging
27:11 Chain Barding Armor
30:23 Husbandry
31:22 Hand Cart
當場嚇一跳原來開玩笑
0:25 Loom
9:10 Feudal Age
12:18 Fletching
23:12 Castle Age
21:47 Double-Bit Axe
22:33 Gold Mining
23:19 Crossbowman
23:57 Bodkin Arrow
24:46 Scale Mail Armor
25:19 Ballistics
26:12 Chain Mail Armor
30:00 Eagle Warrior
Connection lost

Rejoining the realm…

Still unreachable

The connection could not be restored.

Session expired

The server has moved on; the page needs a fresh start.